AoeStats
← Charlitos22

Hideout

508996204Analyzed
1v1 RM · 8d ago on Sep 25, 2026· 15m 27s· 2 players
Game mode
Random Map
Map size
Tiny (2 player)
Population
200
Speed
Normal
Resources
Standard
Victory
Conquest
Starting age
Dark Age
Ending age
Imperial Age
RankedLock teamsTeams togetherTeam positionsShared explorationLock speedFull tech treeHidden civsTurbo modeCheats
Victory
Defeat
🇦🇷 Goths · Argentina
690
+18
🇨🇱 Britons · Chile
739
-18
cronathor
11:19 Feudal Age
12:28 Man-at-Arms
14:31 Forging
14:22 Scale Mail Armor
Charlitos22
11:29 Feudal Age
15:14 Castle Age
14:35 Loom
14:38 Town Watch
Connection lost

Rejoining the realm…

Still unreachable

The connection could not be restored.

Session expired

The server has moved on; the page needs a fresh start.